 Dungeon Crawl Stone Soup version 0.28.0-45-g0d030f2227 (webtiles) character file.

Game seed: 16284318303402733548

312 Kziril the Skirmisher (level 6, -1/40 HPs)
             Began as a Gargoyle Fighter on Apr 19, 2022.
             Slain by a mummy (10 damage)
             ... in an ossuary.
             The game lasted 00:06:26 (2260 turns).

Kziril the Skirmisher (Gargoyle Fighter)            Turns: 2260, Time: 00:06:26

Health: -1/40      AC: 11    Str: 20    XL:     6   Next: 42%
Magic:  6/6        EV:  9    Int:  8    God:
Gold:   102        SH:  5    Dex: 11    Spells: 5/5 levels left

rFire   . . .      SeeInvis .   (no weapon)
rCold   . . .      Faith    .   c - +0 buckler
rNeg    + . .      Spirit   .   b - +0 scale mail
rPois   ∞          Reflect  .   (no helmet)
rElec   +          Harm     .   (no cloak)
rCorr   .          Rampage  .   (no gloves)
Will    .....                   (no boots)
Stlth   ..........              e - amulet of regeneration
HPRegen 0.93/turn               (no ring)
MPRegen 0.10/turn               (no ring)

@: no status effects
A: sickness immunity, AC +4, negative energy resistance 1, electricity
resistance, torment resistance 1, petrification resistance
a: no special abilities


You were in an ossuary.
You visited 1 branch of the dungeon, and saw 4 of its levels.
You also visited: Ossuary.

You collected 102 gold pieces.

Inventory:

Armour
 b - a +0 scale mail (worn)
 c - a +0 buckler (worn)
Jewellery
 e - an amulet of regeneration (around neck)
Scrolls
 f - a scroll of amnesia {unknown}
 i - a scroll of torment {unknown}
 j - a scroll of fog {unknown}
Potions
 d - a potion of might
 g - a potion of attraction {unknown}
 h - a potion of curing {unknown}


   Skills:
 * Level 5.4 Fighting
 + Level 3.3 Maces & Flails
 + Level 4.5 Armour
 + Level 4.5 Shields


You had 5 spell levels left.
You didn't know any spells.
Your spell library contained the following spells:

 Spells                   Type           Power      Damage    Failure   Level
 Sting                    Tmut/Pois      0%         1d3       83%         1
 Poisonous Vapours        Pois/Air       0%         N/A       93%         2
 Summon Guardian Golem    Hex/Summ       0%         N/A       99%         3
 Olgreb's Toxic Radiance  Pois           0%         N/A       100%        4
 Orb of Destruction       Conj           0%         9d5       100%        7
 Spellforged Servitor     Conj/Summ      0%         N/A       100%        7


Dungeon Overview and Level Annotations

Branches:
Dungeon (4/15)            Ossuary (1/1)
 Temple: D:4-7

Altars:
Uskayaw
Wu Jian


Innate Abilities, Weirdness & Mutations

You are immune to sickness and miasma.
Your stone body is resilient. (AC +4)
You are immune to poison.
You resist negative energy. (rN+)
You are resistant to electric shocks. (rElec)
You are resistant to unholy torment.
You are immune to petrification.


Message History

You thump the orc zombie!
You destroy the orc zombie!
A hobgoblin zombie and 2 mummies come into view. 2 mummies come into view.
There are monsters nearby!
You sock the hobgoblin zombie!
You destroy the hobgoblin zombie!
You sock the mummy!
The mummy is heavily damaged.
You hit the mummy.
The mummy is severely damaged.
The mummy hits you but does no damage.
You hit the mummy but do no damage.
The mummy is severely damaged.
The mummy barely misses you.
You thump the mummy!
You destroy the mummy!
You hit the mummy.
The mummy is lightly damaged.
The mummy hits you! The mummy hits you but does no damage.
The mummy barely misses you.
You barely miss the mummy.
The mummy is lightly damaged.
The mummy completely misses you.
You closely miss the mummy.
The mummy is lightly damaged.
The mummy hits you but does no damage. The mummy hits you!
You sock the mummy!
The mummy is severely damaged.
The mummy hits you but does no damage. You block the mummy's attack.
The mummy hits you but does no damage.
You hit the mummy.
You destroy the mummy!
The mummy hits you!
* * * LOW HITPOINT WARNING * * *
The mummy hits you but does no damage.
You are now empty-handed.
You drop a +0 flail.
You block the mummy's attack.
You hit the mummy but do no damage. The mummy closely misses you.
You hit the mummy but do no damage. The mummy hits you!
You die...

#....#
#....#
#....#
#....#
#....#
#....#
#....#
#..M.#
#.∩M@#
######


You could see 2 mummies.

Vanquished Creatures
  An ogre (D:4)
  A centaur zombie (D:3)
  An iguana (D:4)
  Natasha (twice) (D:2)
  2 mummies (Ossuary)
  5 adders
  4 endoplasms
  5 goblins
  3 hobgoblins
  2 jackals (D:3)
  6 quokkas
  7 ball pythons
  A bat (D:2)
  A frilled lizard (D:3)
  3 hobgoblin zombies (Ossuary)
  6 kobolds
  2 kobold zombies (Ossuary)
  2 orc zombies (Ossuary)
  4 rats
58 creatures vanquished.

Notes
Turn   | Place    | Note
-------+----------+-------------------------------------------
     0 | D:1      | Kziril the Gargoyle Fighter began the quest for the Orb.
     0 | D:1      | Reached XP level 1. HP: 14/14 MP: 1/1
   729 | D:1      | Reached XP level 2. HP: 19/19 MP: 2/2
  1159 | D:2      | Found a faded altar of an unknown god.
  1172 | D:2      | Noticed Natasha
  1184 | D:2      | Killed Natasha
  1185 | D:2      | Reached skill level 4 in Fighting
  1185 | D:2      | Reached XP level 3. HP: 16/24 MP: 3/3
  1292 | D:2      | Reached XP level 4. HP: 26/29 MP: 4/4
  1477 | D:2      | Noticed Natasha
  1485 | D:2      | Killed Natasha
  1810 | D:4      | Found a sand-covered staircase.
  1872 | D:3      | Found a hide-covered altar of Uskayaw.
  1893 | D:3      | Reached XP level 5. HP: 33/34 MP: 5/5
  2040 | D:3      | Found an ornate altar of the Wu Jian Council.
  2152 | D:4      | Noticed an ogre
  2159 | D:4      | Killed an ogre
  2160 | D:4      | Reached skill level 5 in Fighting
  2160 | D:4      | Reached XP level 6. HP: 27/40 MP: 6/6
  2209 | Ossuary  | Entered an ossuary
  2260 | Ossuary  | Slain by a mummy

Illustrated notes

Levels and vault maps discovered:
D:1:      elethiomel_arrival_maze, layout_basic, minivault_25
D:2:      layout_basic, basic_ecumenical_altar, uniq_natasha
D:3:      layout_loops_cross, mainiacjoe_overflow_cross_hatched,
          nicolae_wu_jian_glorious_leap, uniq_terence
D:4:      minmay_spotlight, layout_rooms, minmay_temple_entry_stoned_glass,
          nicolae_ossuary_entry_monument, uniq_eustachio
Ossuary:  ossuary_tomb_3

Skill      XL: |  1  2  3  4  5 |
---------------+----------------+-----
Fighting       | 4 5 |  5.4
Armour         | 4 |  4.5
Shields        | 4 |  4.5
Maces & Flails | 3 |  3.3

Action                   |  1- 3 |  4- 6 || total
-------------------------+-------+-------++-------
Melee: Flail             |    54 |   120 ||   174
       Unarmed           |       |     2 ||     2
Armor: Scale mail        |    24 |    56 ||    80
Dodge: Dodged            |    22 |    67 ||    89
Block: Buckler           |     6 |    29 ||    35
